 Dungeon Crawl Stone Soup version 0.30.2 (webtiles) character file.

Game seed: 6596707715363165017

71 Ashen the Chiller (level 4, -2/39 HPs)
             Began as an Ogre Ice Elementalist on Jan 25, 2024.
             Slain by a hobgoblin zombie (3 damage)
             ... in an ossuary.
             The game lasted 00:03:31 (1014 turns).

Ashen the Chiller (Ogre Ice Elementalist)           Turns: 1014, Time: 00:03:32

Health: -2/39      AC:  3    Str: 12    XL:     4   Next: 24%
Magic:  8/8        EV: 10    Int: 18    God:
Gold:   61         SH:  0    Dex:  9    Spells: 2/9 levels left

rFire   . . .        d - +4 dagger
rCold   . . .        (no shield)
rNeg    . . .        a - +0 robe
rPois   .            (helmet restricted)
rElec   .            (no cloak)
rCorr   .            (gloves unavailable)
SInv    .            (boots unavailable)
Will    .....        (no amulet)
Stlth   ++           (no ring)
HPRegen 0.26/turn    (no ring)
MPRegen 0.11/turn

%: no passive effects
@: no status effects
A: large, unfitting armour, tough skin 1
a: no special abilities


You were in an ossuary.
You visited 1 branch of the dungeon, and saw 5 of its levels.
You also visited: Ossuary.

You collected 61 gold pieces.

Inventory:

Hand Weapons
 d - a +4 dagger (weapon)
 k - a +0 quick blade
Armour
 a - a +0 robe (worn)
Magical Staves
 n - a staff of poison
Scrolls
 h - a scroll of teleportation {unknown}
 i - a scroll of silence
 m - a scroll of enchant weapon {unknown}
Potions
 b - a potion of magic
 c - 2 potions of brilliance
 e - 2 potions of curing {unknown}
 f - a potion of attraction {unknown}
 l - a potion of resistance {unknown}


   Skills:
 + Level 2.4 Dodging
 + Level 2.1 Stealth
 + Level 3.2 Spellcasting
 + Level 4.0 Ice Magic


You had 2 spell levels left.
You knew the following spells:

 Your Spells              Type           Power      Damage    Failure   Level
a - Freeze                Ice            68%        1d8       3%          1
b - Frozen Ramparts       Ice            34%        1d6       9%          3
c - Ozocubu's Armour      Ice            17%        N/A       9%          3

Your spell library contained the following spells:

 Spells                   Type           Power      Damage    Failure   Level
 Summon Ice Beast         Ice/Summ       10%        N/A       56%         4


Dungeon Overview and Level Annotations

Branches:
Dungeon (6/15)            Ossuary (1/1)
 Temple: D:4-7

Altars:


Innate Abilities, Weirdness & Mutations

You are too large for most types of armour.
You have tough skin. (AC +1)


Message History

The phantom attacks as you move away! The phantom hits you.
As you open the door, it creaks loudly! The phantom hits you.
Found a sand-covered staircase.
The phantom misses you.
There is an open door here.
The phantom attacks as you move away! The phantom hits you.
There is a sand-covered staircase here.
You open the door. The phantom hits you.
The phantom blinks!
You blink.
Found a scroll labelled FIKLATZUGO.
The phantom attacks as you move away! The phantom hits you.
* * * LOW HITPOINT WARNING * * *
The phantom attacks as you move away! The phantom hits you.
* * * LOW HITPOINT WARNING * * *
You hear the slow hiss of an avalanche of sand.
You open the door. The phantom hits you.
* * * LOW HITPOINT WARNING * * *
The phantom attacks as you move away! The phantom hits you.
* * * LOW HITPOINT WARNING * * *
There is an open door here.
There is a sand-covered staircase here.
The phantom barely misses you.
The world spins around you as you enter the gateway.
You enter an ossuary!
Found a gate leading back out of this place.
There is an empty arch of ancient stone here.
A centaur zombie comes into view.
There is a gate leading back out of this place here.
A hobgoblin zombie comes into view.
You barely miss the hobgoblin zombie. The hobgoblin zombie hits you.
* * * LOW HITPOINT WARNING * * *
The hobgoblin zombie hits you.
* * * LOW HITPOINT WARNING * * *
You puncture the hobgoblin zombie!
The hobgoblin zombie is almost destroyed.
The centaur zombie hits you.
* * * LOW HITPOINT WARNING * * *
The centaur zombie kicks you but does no damage.
The hobgoblin zombie hits you.
You die...

## #
###########.#.#Z
##..........^....
#..M......Z^.....
#...M.∩.∩@Z......
#...M.....Z^..^^^
##........^.^....
###########.#.#.
## #


You could see 3 mummies, 3 hobgoblin zombies and a centaur zombie.

Vanquished Creatures
  A jelly (D:5)
  An adder (D:2)
  A worm (D:2)
  A dart slug (D:1)
  2 ball pythons (D:1)
  3 endoplasms (D:1)
  A giant cockroach (D:1)
  4 goblins
  3 hobgoblins (D:1)
  2 kobolds
  A quokka (D:1)
  2 bats
  2 frilled lizards
  4 rats (D:1)
28 creatures vanquished.

Notes
Turn   | Place    | Note
-------+----------+-------------------------------------------
     0 | D:1      | Ashen the Ogre Ice Elementalist began the quest for the
                  | Orb.
     0 | D:1      | Reached XP level 1. HP: 16/16 MP: 3/3
   171 | D:1      | Reached XP level 2. HP: 24/24 MP: 5/5
   357 | D:1      | Reached XP level 3. HP: 31/31 MP: 7/7
   501 | D:2      | Noticed an ogre
   726 | D:2      | Learned a level 3 spell: Frozen Ramparts
   730 | D:2      | Learned a level 3 spell: Ozocubu's Armour
   862 | D:3      | You fall into a shaft and drop 3 floors!
   900 | D:5      | Entered Level 5 of the Dungeon
   912 | D:5      | Reached skill level 4 in Ice Magic
   912 | D:5      | Reached XP level 4. HP: 20/39 MP: 5/8
   954 | D:5      | Noticed a phantom
   992 | D:5      | Found a sand-covered staircase.
  1009 | Ossuary  | Entered an ossuary
  1014 | Ossuary  | HP: 1/39 [centaur zombie (4)]
  1014 | Ossuary  | Slain by a hobgoblin zombie

Illustrated notes

Levels and vault maps discovered:
D:1:      dpeg_arrival_leaves_temple_mockup, layout_rooms
D:2:      layout_rooms, uniq_natasha
D:3:      layout_basic, lemuel_tele_altar,
          nicolae_dithmenos_through_a_glass_darkly,
          gammafunk_ghost_abyssal_escape, uniq_terence
D:5:      layout_cave_pods, mainiacjoe_overflow_boulevard, marbit_many_paths,
          mainiacjoe_overflow_big_doors, nicolae_ossuary_entry_plus,
          uniq_grinder
D:6:      layout_basic, lemuel_temple_firewalk_a
Ossuary:  ossuary_the_hunt_dpeg

Skill      XL: |  1  2  3 |
---------------+----------+-----
Dodging        | 2 |  2.4
Spellcasting   | 3 |  3.2
Stealth        | 2 |  2.1
Ice Magic      | 4 |  4.0

Action                     |  1- 3 |  4- 6 || total
---------------------------+-------+-------++-------
  Melee: Dagger            |    58 |    11 ||    69
         Punch             |     1 |       ||     1
   Cast: Freeze            |    14 |       ||    14
         Ozocubu's Armour  |     1 |     1 ||     2
         Frozen Ramparts   |     1 |       ||     1
    Use: Scroll            |       |     3 ||     3
 Armour: Robe              |    22 |     7 ||    29
  Dodge: Dodged            |    27 |     6 ||    33
